 Dungeon Crawl Stone Soup version 0.30-a0-862-g1aabd4f9c5 (webtiles) character file.

Game seed: 4053674570539459411

4093 Axe the Covert (level 10, -1/53 HPs)
             Began as a Vine Stalker Brigand on Mar 10, 2023.
             Was an Elder of Wu Jian.
             Slain by a warg (5 damage)
             ... on level 9 of the Dungeon.
             The game lasted 00:29:45 (8198 turns).

Axe the Covert (Vine Stalker Brigand)               Turns: 8198, Time: 00:29:46

Health: -1/53      AC:  9    Str: 18    XL:     10   Next: 26%
Magic:  0/11       EV: 14    Int: 11    God:    Wu Jian [****..]
Gold:   500        SH:  0    Dex: 16    Spells: 9/9 levels left

rFire   . . .      SeeInvis .      - Unarmed
rCold   . . .      Faith    .    (no shield)
rNeg    . . .      Spirit   +    C - +0 steam dragon scales
rPois   .          Reflect  .    A - +0 helmet
rElec   .          Rampage  .    m - +2 cloak
rCorr   .                        (no gloves)
Will    ++...                    (no boots)
Stlth   ++++                     g - amulet of the acrobat
HPRegen 1.08/turn                p - ring of willpower
MPRegen 0.12/turn                J - +4 ring of slaying

@: no status effects
A: fangs 3, regeneration 1, magic shield, antimagic bite, no potion heal 2
a: Renounce Religion, Wall Jump, Serpent's Lash


You were on level 9 of the Dungeon.
You worshipped Wu Jian.
Wu Jian was greatly pleased with you.
You visited 1 branch of the dungeon, and saw 9 of its levels.

You collected 597 gold pieces.
You spent 97 gold pieces at shops.

Inventory:

Hand Weapons
 F - a +0 triple crossbow
Missiles
 d - 16 poisoned darts (quivered)
 e - 3 curare-tipped darts
 y - 6 javelins
Armour
 m - a +2 cloak (worn)
 A - a +0 helmet (worn)
 C - +0 steam dragon scales (worn)
Jewellery
 g - an amulet of the acrobat (around neck)
 p - a ring of willpower (left hand)
 J - a +4 ring of slaying (right hand)
Wands
 B - a wand of digging (5)
 H - a wand of flame (6)
Scrolls
 a - a scroll of silence {unknown}
 c - 3 scrolls of blinking
 f - 2 scrolls of magic mapping
 h - 3 scrolls of teleportation
 i - a scroll of enchant weapon {unknown}
 j - 2 scrolls of fear {unknown}
 k - a scroll of immolation {unknown}
 l - 9 scrolls of identify
 o - 3 scrolls of noise
 q - a scroll of poison
 s - 3 scrolls of fog {unknown}
 u - 5 scrolls of amnesia {unknown}
 v - a scroll of enchant armour {unknown}
 w - 2 scrolls of vulnerability {unknown}
 D - 3 scrolls of brand weapon {unknown}
Potions
 b - 4 potions of lignification {unknown}
 n - 3 potions of brilliance {unknown}
 r - 6 potions of curing
 t - a potion of resistance {unknown}
 x - a potion of invisibility {unknown}
 z - a potion of ambrosia {unknown}
 E - a potion of flight {unknown}
 G - 2 potions of haste {unknown}
 I - 2 potions of mutation {unknown}
 K - a potion of might {unknown}
 L - a potion of cancellation {unknown}


   Skills:
 + Level 6.9 Fighting
 - Level 1.8 Short Blades
 - Level 1.8 Throwing
 + Level 4.4 Dodging
 - Level 10.0 Stealth
 * Level 9.2 Unarmed Combat


You had 9 spell levels left.
You didn't know any spells.
Your spell library contained the following spells:

 Spells                   Type           Power      Damage    Failure   Level
 Apportation              Tloc           0%         N/A       34%         1
 Necrotise                Necr           0%         1d4       34%         1
 Sublimation of Blood     Necr           0%         N/A       47%         2
 Ozocubu's Armour         Ice            0%         N/A       71%         3
 Tukima's Dance           Hex            0%         N/A       71%         3
 Vampiric Draining        Necr           0%         2d6       71%         3
 Animate Dead             Necr           0%         N/A       98%         4
 Passage of Golubria      Tloc           0%         N/A       98%         4
 Petrify                  Tmut/Erth      0%         N/A       98%         4
 Agony                    Necr           0%         N/A       100%        5
 Alistair's Intoxication  Tmut/Pois      0%         N/A       100%        5
 Irradiate                Conj/Tmut      0%         3d11      100%        5
 Metabolic Englaciation   Hex/Ice        0%         N/A       100%        5
 Yara's Violent Unravell  Hex/Tmut       0%         3d3       100%        5
 Simulacrum               Ice/Necr       0%         N/A       100%        6
 Haunt                    Necr/Summ      0%         N/A       100%        7
 Infestation              Necr           0%         N/A       100%        8


Dungeon Overview and Level Annotations

Branches:
Dungeon (9/15)             Temple (0/1) D:5            Lair (0/5) D:9
    Orc: D:9-12

Altars:
Fedhas
Gozag
Hepliaklqana
Makhleb
Okawaru
Qazlal
Sif Muna
Wu Jian
Yredelemnul

Shops:
D:8 *


Innate Abilities, Weirdness & Mutations

You have razor-sharp teeth.
Your natural rate of healing is unusually fast.
When hurt, damage is shared between your health and your magic reserves.
Your bite disrupts and absorbs the magic of your enemies.
Potions cannot restore your health.


Message History

The orc priest mumbles some strange prayers to Beogh against you.
Beogh smites you! The warg misses you. The steam dragon bites you.
The steam dragon closely misses you. The orc priest closely misses you.
You spin and attack the orc priest.
You hit the orc priest but do no damage.
You spin and attack the steam dragon.
You punch the steam dragon!
The steam dragon is moderately wounded.
The orc priest hits you but does no damage.
The steam dragon bites you. The steam dragon barely misses you.
The orc priest barely misses you.
You spin and attack the orc priest.
You hit the orc priest.
The orc priest is lightly wounded.
You spin and attack the warg.
You hit the warg.
The warg is moderately wounded.
You spin and attack the steam dragon.
You closely miss the steam dragon.
The steam dragon is moderately wounded.
The warg bites you!
* * * LOW HITPOINT WARNING * * *
The orc priest mumbles some strange prayers to Beogh against you.
You resist with almost no effort.
The steam dragon bites you but does no damage.
The steam dragon barely misses you.
The orc priest is engulfed in a cloud of scalding steam.
The orc priest hits you with a +0 club.
* * * LOW HITPOINT WARNING * * *
You spin and attack the orc priest.
You punch the orc priest! You bite the orc priest.
You kill the orc priest!
The Council accepts your kill.
You spin and attack the warg.
You hit the warg.
The warg is heavily wounded.
You spin and attack the steam dragon.
You punch the steam dragon!
The steam dragon is severely wounded.
The warg bites you!
* * * LOW HITPOINT WARNING * * *
The steam dragon breathes steam at you. The ball of steam misses you.
The orc priest mumbles some strange prayers to Beogh against you.
You resist with almost no effort. The warg bites you.
You die...

.. #.............
..........###...##......
.....).o... #......#....
.!..>.......##...###.##.
.................#...##.
...!...P..####...#.####.
....... #...#.# ##
##....o### ####....##
......D@§# #........####
......).h# #.##).##.##..
.......§.###.....#......
........§)§......#.....#
.........)########.###.#
.........§# ... #.#
#########§.. #######.#
####. #........
..#........


You could see a warg, a steam dragon (catching breath) and an orc priest.

Vanquished Creatures
  Grinder (D:3)
  Sigmund (D:2)
  A wyvern (D:9)
  A wraith (D:9)
  A steam dragon (D:6)
  2 wargs (D:9)
  An orc warrior (D:7)
  3 ogres (D:6)
  A black bear (D:5)
  An ice beast (D:6)
  5 centaurs
  Blork the orc (D:4)
  A kobold brigand (D:7)
  2 bullfrogs
  3 gnoll sergeants
  3 scorpions
  3 killer bees (D:8)
  4 howler monkeys
  A crimson imp (D:8)
  7 orc priests
  The ghost of baller8008 the Changer, a weakling FeTm of Hepliaklqana (D:4)
  3 hounds
  A jelly (D:7)
  Ijyb (D:4)
  A gnoll bouda (D:7)
  8 iguanas
  A sleepcap (D:6)
  Jessica (D:3)
  5 orc wizards
  Robin (D:3)
  19 gnolls
  10 adders
  A white imp (D:7)
  An ufetubus (D:7)
  5 dart slugs
  2 worms
  39 orcs
  13 ball pythons
  5 endoplasms
  6 giant cockroaches
  11 goblins
  3 hobgoblins
  3 quokkas
  7 bats
  2 frilled lizards (D:2)
  10 kobolds
  9 rats (D:1)
  A bush (D:7)
213 creatures vanquished.

Vanquished Creatures (others)
  3 plants
3 creatures vanquished.

Grand Total: 216 creatures vanquished

Notes
Turn   | Place    | Note
-------+----------+-------------------------------------------
     0 | D:1      | Axe the Vine Stalker Brigand began the quest for the Orb.
     0 | D:1      | Reached XP level 1. HP: 11/11 MP: 2/2
    97 | D:1      | Reached skill level 5 in Stealth
   255 | D:1      | Reached XP level 2. HP: 15/15 MP: 3/3
  1025 | D:2      | Reached XP level 3. HP: 18/18 MP: 4/4
  1031 | D:2      | Noticed Sigmund
  1045 | D:2      | Killed Sigmund
  1046 | D:2      | Reached skill level 6 in Stealth
  1046 | D:2      | Gained mutation: Your natural rate of healing is unusually
                  | fast. [Vine Stalker growth]
  1046 | D:2      | Reached XP level 4. HP: 17/23 MP: 5/5
  1046 | D:2      | Reached XP level 5. HP: 21/28 MP: 6/6
  1052 | D:2      | Identified the +5 rapier of Iheiwepa {distort, rElec Str+2
                  | SInv}
  1264 | D:2      | Reached skill level 7 in Stealth
  1744 | D:3      | Noticed Grinder
  1747 | D:3      | Paralysed by Grinder for 4 turns
  1791 | D:2      | Reached XP level 6. HP: 32/32 MP: 7/7
  1812 | D:3      | Paralysed by Grinder for 4 turns
  1828 | D:3      | Killed Grinder
  1829 | D:3      | Reached skill level 8 in Stealth
  1972 | D:3      | Found a faded altar of an unknown god.
  1985 | D:3      | Prayed at the altar of an unknown god.
  1985 | D:3      | Became a worshipper of the Wu Jian Council
  1985 | D:3      | Reached * piety under Wu Jian
  2048 | D:3      | Noticed Jessica
  2057 | D:3      | Killed Jessica
  2058 | D:3      | Reached XP level 7. HP: 36/36 MP: 8/8
  2070 | D:3      | Found a shimmering blue altar of Sif Muna.
  2592 | D:4      | Noticed Robin
  2621 | D:3      | Killed Robin
  2765 | D:4      | Noticed baller8008's ghost (weakling FeTm)
  2827 | D:4      | Reached ** piety under Wu Jian
  3448 | D:4      | Found a transporter.
  3451 | D:4      | Found a transporter.
  3456 | D:4      | Noticed Ijyb
  3486 | D:4      | Killed Ijyb
  3538 | D:4      | Killed baller8008's ghost
  3608 | D:4      | Noticed Blork the orc
  3630 | D:4      | Killed Blork the orc
  3631 | D:4      | Reached skill level 9 in Stealth
  3798 | D:5      | Entered Level 5 of the Dungeon
  4219 | D:6      | Gained mutation: You have razor-sharp teeth. [Vine Stalker
                  | growth]
  4219 | D:6      | Reached XP level 8. HP: 42/42 MP: 9/9
  4698 | D:6      | Reached skill level 10 in Stealth
  4801 | D:6      | Reached skill level 5 in Fighting
  4801 | D:6      | Reached skill level 1 in Dodging
  4801 | D:6      | Reached skill level 5 in Unarmed Combat
  5218 | D:5      | Reached XP level 9. HP: 47/47 MP: 10/10
  5438 | D:5      | Reached *** piety under Wu Jian
  5725 | D:5      | Found an opulent altar of Gozag.
  5944 | D:5      | Found a staircase to the Ecumenical Temple.
  6461 | D:7      | Found a stormy altar of Qazlal.
  7146 | D:7      | Reached **** piety under Wu Jian
  7185 | D:8      | Found Koadgh's General Store.
  7190 | D:8      | Bought a scroll of blinking for 97 gold pieces
  7223 | D:8      | Found an ornate altar of the Wu Jian Council.
  7351 | D:8      | Found a blossoming altar of Fedhas.
  7454 | D:8      | Found an iron altar of Okawaru.
  7853 | D:8      | Found a burning altar of Makhleb.
  7945 | D:9      | Found a hazy altar of Hepliaklqana.
  7957 | D:9      | Found a basalt altar of Yredelemnul.
  7973 | D:9      | Reached XP level 10. HP: 32/53 MP: 9/11
  8194 | D:9      | Found a staircase to the Lair.
  8198 | D:9      | Slain by a warg

Illustrated notes

Levels and vault maps discovered:
D:1:      roderic_crop_circles_arrival_small, layout_basic, serial_bayou_pond_e,
          minmay_rat_gold_closets
D:2:      layout_loops_cross, minmay_cupped, uniq_sigmund
D:3:      layout_loops_ring, tgw_sif, hellmonk_ecumenical_altar_crossroads,
          uniq_grinder
D:4:      layout_basic, gammafunk_ghost_arena, uniq_robin, uniq_ijyb,
          uniq_blork_the_orc
D:5:      layout_basic, grunt_gozag_breadcrumbs,
          minmay_temple_entry_antechambers, minmay_chambers_of_fives
D:6:      minmay_razor_zed, layout_basic
D:7:      layout_basic, mainiacjoe_overflow_surrounded_room,
          kb_lookout_dungeons_type
D:8:      layout_loops_ring, kennysheep_little_box,
          nicolae_wu_jian_wuxing_cycle, okawaru_metal_pillars_1_2,
          makhleb_grotto_becter, serial_shops, shop, kennysheep_another_room
D:9:      layout_basic, mainiacjoe_overflow_chevrons, old_standard_altar,
          erik_lair_orcish_takeover

Skill      XL: |  1  2  3  4  5  6  7  8  9 10 |
---------------+-------------------------------+-----
Stealth        | 5 6 7 8 9 10 | 10.0
Fighting       | 2 3 4 5 6 |  6.9
Unarmed Combat | 2 3 4 6 8 9 |  9.2
Dodging        | 2 3 4 |  4.4
Short Blades   | |  1.8
Throwing       | |  1.8

Action                     |  1- 3 |  4- 6 |  7- 9 | 10-12 || total
---------------------------+-------+-------+-------+-------++-------
  Melee: Dagger            |    49 |     8 |       |       ||    57
         Bite              |    14 |    25 |   196 |    18 ||   253
         Punch             |     2 |     3 |    23 |     2 ||    30
         Unarmed           |       |    86 |   601 |    60 ||   747
  Throw: Stone             |     3 |       |       |       ||     3
         Boomerang         |       |     1 |     1 |       ||     2
         Dart              |       |     3 |    21 |     1 ||    25
         Javelin           |       |       |     3 |       ||     3
Ability: Lunge             |       |     1 |    40 |     2 ||    43
         Whirlwind         |       |       |   108 |    24 ||   132
         Wall Jump         |       |       |     1 |       ||     1
  Evoke: Wand              |       |       |     2 |       ||     2
    Use: Scroll            |       |       |     5 |       ||     5
   Stab: Sleeping          |     9 |     9 |    22 |       ||    40
         Distracted        |       |       |     2 |       ||     2
 Armour: Robe              |     1 |       |    30 |       ||    31
         Ring mail         |     6 |    24 |    73 |       ||   103
         Steam dragon scal |       |       |    67 |    19 ||    86
  Dodge: Dodged            |    15 |    36 |   315 |    43 ||   409

Table legend: (Time is in decaauts)
 A = Elapsed time spent in this place.
 B = Non-inter-level travel time spent in this place.
 C = Inter-level travel time spent in this place.
 D = Time resting spent in this place.
 E = Time spent auto-exploring this place.
 F = Levels seen in this place.
 G = Mean time per level.
                   A        B        C        D        E       F      G
               +--------+--------+--------+--------+--------+-----+--------+
         Total |   8151 |   7601 |    550 |    311 |   4508 |   9 |  905.7 |
       Dungeon |   8151 |   7601 |    550 |    311 |   4508 |   9 |  905.7 |
               +--------+--------+--------+--------+--------+-----+--------+

Top non-repeatable levels by time:
     D:4: 1415 daAuts
     D:6: 1266 daAuts
     D:7: 1136 daAuts
     D:3: 939 daAuts
     D:1: 907 daAuts
     D:2: 814 daAuts
     D:8: 772 daAuts
     D:5: 652 daAuts
     D:9: 247 daAuts
